 Dungeon Crawl Stone Soup version 0.28.0-45-g0d030f2227 (webtiles) character file.

Game seed: 7667334781133949007

1181 safid the Cleaver (level 8, -1/66 HPs)
             Began as a Hill Orc Fighter on Apr 8, 2022.
             Slain by an ogre
             ... wielding a +0 giant spiked club
              (13 damage)
             ... on level 6 of the Dungeon.
             The game lasted 00:07:38 (5396 turns).

safid the Cleaver (Hill Orc Fighter)                Turns: 5396, Time: 00:07:39

Health: -1/66      AC: 14    Str: 21    XL:     8   Next: 42%
Magic:  0/8        EV:  5    Int:  8    God:
Gold:   207        SH:  4    Dex: 10    Spells: 7/7 levels left

rFire   . . .      SeeInvis .   a - +0 war axe
rCold   . . .      Faith    .   c - +0 buckler
rNeg    . . .      Spirit   +   k - +0 plate armour
rPois   .          Reflect  .   b - +0 helmet
rElec   .          Harm     .   (no cloak)
rCorr   .          Rampage  .   s - +0 pair of gloves
Will    .....                   (no boots)
Stlth   ..........              i - amulet of guardian spirit
HPRegen 0.21/turn               (no ring)
MPRegen 0.11/turn               (no ring)

@: no status effects
A: no striking features
a: no special abilities


You were on level 6 of the Dungeon.
You visited 1 branch of the dungeon, and saw 6 of its levels.

You collected 207 gold pieces.

Inventory:

Hand Weapons
 a - a +0 war axe (weapon)
Missiles
 m - 19 poisoned darts (quivered)
Armour
 b - a +0 helmet (worn)
 c - a +0 buckler (worn)
 k - a +0 plate armour (worn)
 s - a +0 pair of gloves (worn)
Jewellery
 i - an amulet of guardian spirit (around neck)
Scrolls
 e - a scroll of amnesia {unknown}
 j - 2 scrolls of blinking
 p - 2 scrolls of fear {unknown}
 q - a scroll of noise {unknown}
 r - a scroll of torment {unknown}
 t - a scroll of teleportation {unknown}
 w - a scroll of fog {unknown}
Potions
 d - 4 potions of might
 f - a potion of heal wounds {unknown}
 g - 2 potions of cancellation
 h - 3 potions of haste
 n - 2 potions of curing {unknown}
 o - a potion of mutation {unknown}
 u - a potion of flight {unknown}
 v - 2 potions of brilliance {unknown}


   Skills:
 - Level 4.0 Fighting
 + Level 12.2 Axes
 - Level 4.0 Armour
 - Level 4.0 Shields


You had 7 spell levels left.
You didn't know any spells.
Your spell library contained the following spells:

 Spells                   Type           Power      Damage    Failure   Level
 Call Canine Familiar     Summ           0%         N/A       100%        3
 Inner Flame              Hex/Fire       0%         N/A       100%        3
 Portal Projectile        Hex/Tloc       0%         N/A       100%        3
 Cause Fear               Hex            0%         N/A       100%        4
 Leda's Liquefaction      Hex/Erth       0%         N/A       100%        4
 Discord                  Hex            0%         N/A       100%        8


Dungeon Overview and Level Annotations

Branches:
Dungeon (6/15)             Temple (0/1) D:4

Altars:


Message History

The centaur warrior zombie kicks you but does no damage.
You hit the centaur warrior zombie.
The centaur warrior zombie is almost destroyed.
The centaur warrior zombie hits you!
The centaur warrior zombie kicks you but does no damage.
You are too injured to fight recklessly!
You are too injured to fight recklessly!
You hit the centaur warrior zombie.
The centaur warrior zombie is almost destroyed.
You block the centaur warrior zombie's attack.
The centaur warrior zombie kicks you but does no damage.
Unknown command.
You hit the centaur warrior zombie.
The centaur warrior zombie is almost destroyed.
The centaur warrior zombie hits you but does no damage.
The centaur warrior zombie barely misses you.
You slash the centaur warrior zombie!
You destroy the centaur warrior zombie!
Your Axes skill gained 2 levels and is now at level 12!
You have reached level 8!
An ogre comes into view. It is wielding a +0 giant spiked club.
There is a stone staircase leading up here.
You barely miss the ogre.
The ogre hits you with a +0 giant spiked club!!
* * * LOW HITPOINT WARNING * * *
Unknown command.
You closely miss the ogre. You block the ogre's attack.
You hit the ogre.
The ogre is moderately wounded.
You closely miss the ogre.
The ogre is moderately wounded.
The ogre barely misses you.
You slash the ogre!
The ogre is severely wounded.
The ogre hits you with a +0 giant spiked club.
* * * LOW HITPOINT WARNING * * *
You hit the ogre.
The ogre is almost dead.
The ogre hits you with a +0 giant spiked club!
You die...

...# #... ...#
#######...#
#..@O.#...#
#.......#.#...#
#...#####.#...#.##
#.. #.............
# #.###.#.###...
#.###.#.#
#.....#.#
#######.# .#


You could see an ogre.

Vanquished Creatures
  A centaur zombie (D:6)
  Sigmund (D:4)
  An ogre (D:5)
  Blork the orc (D:5)
  A gnoll sergeant (D:5)
  A scorpion (D:5)
  A centaur skeleton (D:5)
  2 hounds (D:5)
  2 iguanas
  2 orc wizards
  A hound zombie (D:5)
  Robin (D:3)
  7 gnolls (D:5)
  4 adders
  A worm (D:3)
  2 dart slugs
  8 orcs
  7 ball pythons
  6 endoplasms
  A giant cockroach (D:3)
  13 goblins
  A hobgoblin (D:3)
  2 quokkas
  7 bats
  7 frilled lizards
  6 kobolds
  6 rats
93 creatures vanquished.

Notes
Turn   | Place    | Note
-------+----------+-------------------------------------------
     0 | D:1      | safid the Hill Orc Fighter began the quest for the Orb.
     0 | D:1      | Reached XP level 1. HP: 19/19 MP: 1/1
    99 | D:1      | Reached XP level 2. HP: 18/27 MP: 2/2
   232 | D:1      | Reached skill level 3 in Axes
  1044 | D:2      | Reached XP level 3. HP: 28/33 MP: 3/3
  1652 | D:3      | Found a faded altar of an unknown god.
  1695 | D:3      | Reached skill level 4 in Axes
  1695 | D:3      | Reached XP level 4. HP: 35/40 MP: 4/4
  2086 | D:3      | Noticed Robin
  2094 | D:3      | Reached skill level 5 in Axes
  2105 | D:3      | Killed Robin
  2106 | D:3      | Reached XP level 5. HP: 36/46 MP: 3/5
  2731 | D:4      | Reached skill level 6 in Axes
  3046 | D:4      | Found a staircase to the Ecumenical Temple.
  3340 | D:4      | Noticed Sigmund
  3350 | D:4      | Killed Sigmund
  3351 | D:4      | Reached skill level 8 in Axes
  3351 | D:4      | Reached XP level 6. HP: 45/52 MP: 6/6
  3434 | D:5      | Entered Level 5 of the Dungeon
  3457 | D:5      | Reached XP level 7. HP: 41/59 MP: 5/7
  3618 | D:5      | Reached skill level 9 in Axes
  3913 | D:5      | Noticed Blork the orc
  3922 | D:5      | Killed Blork the orc
  4130 | D:5      | HP: 2/59 [gnoll/+0 halberd (1)]
  4135 | D:5      | Reached skill level 10 in Axes
  5382 | D:6      | Reached skill level 12 in Axes
  5382 | D:6      | Reached XP level 8. HP: 31/66 MP: 4/8
  5396 | D:6      | Slain by an ogre

Illustrated notes

Levels and vault maps discovered:
D:1:      wheals_arrival_shading, layout_rooms, corner_web_ring,
          corexii_hall_statues_x
D:2:      wad_pebble_path, layout_basic, minivault_23
D:3:      layout_basic, hellmonk_ecumenical_altar_blasted, st_stairs_12,
          uniq_robin
D:4:      layout_basic, minmay_temple_entry_statues_fountains, serial_curves,
          eino_curves_01, eino_curves_02, eino_curves_04, eino_curves_03,
          uniq_sigmund
D:5:      layout_basic, grunt_decor_arrowhead, uniq_blork_the_orc
D:6:      layout_basic

Skill      XL: |  1  2  3  4  5  6  7 |
---------------+----------------------+-----
Axes           | 3 4 5 8 12 | 12.2
Fighting       | 4 |  4.0
Armour         | 4 |  4.0
Shields        | 4 |  4.0

Action                   |  1- 3 |  4- 6 |  7- 9 || total
-------------------------+-------+-------+-------++-------
Melee: War axe           |   114 |    93 |   103 ||   310
Throw: Dart              |       |     2 |     4 ||     6
  Use: Scroll            |       |       |     3 ||     3
Armor: Plate armour      |    97 |    52 |    73 ||   222
Dodge: Dodged            |    36 |    23 |    24 ||    83
Block: Buckler           |    31 |    17 |    24 ||    72
